 Dungeon Crawl Stone Soup version 0.31-a0-740-g87205ac768 (webtiles) character file.

Game seed: 6408516410545790261

36145 snarfax the Severer (level 13, -14/95 HPs)
             Began as a Minotaur Fighter on Sept 11, 2023.
             Was a Believer of Elyvilon.
             Demolished by a reaper
             ... wielding a +2 antimagic scythe
              (24 damage)
             ... on level 2 of the Abyss on Sept 12, 2023.
             The game lasted 00:45:58 (10795 turns).

snarfax the Severer (Minotaur Fighter)             Turns: 10795, Time: 00:45:58

Health: -14/95     AC: 22    Str: 23 (25) XL:     13   Next: 51%
Magic:  0/12       EV: 18    Int:  3      God:    Elyvilon [**....]
Gold:   759        SH: 10    Dex: 10 (11) Spells: 12/12 levels left

rFire   . . .        z - +1 broad axe
rCold   x . .        C - +0 kite shield
rNeg    . . .        M - +4 chain mail
rPois   .            (helmet restricted)
rElec   .            l - +3 cloak of the Garden {+Inv Regen+ rCorr}
rCorr   +            (no gloves)
SInv    .            i - +1 pair of boots {Fly}
Will    +....        (no amulet) Stlth
                     f - +5 ring of evasion
HPRegen 1.15/turn    K - ring "Laeducw" {Will+ EV+5 Slay+2}
MPRegen 0.13/turn

%: no passive effects
@: about to teleport, flying, hasted, very quick
A: horns 2, retaliatory headbutt, dopey 1, [deterioration 1], [frail 2], [low MP
2], [cold vulnerability 1]
a: Renounce Religion, Evoke Invisibility, Purification, Heal Other


You were on level 2 of the Abyss.
You worshipped Elyvilon.
Elyvilon was pleased with you.
You visited 2 branches of the dungeon, and saw 12 of its levels.
You visited the Abyss 2 times.
You also visited: Bailey.

You collected 1105 gold pieces.
You spent 269 gold pieces at shops.
You donated 77 gold pieces to Zin.

Inventory:

Hand Weapons
 a - a +1 war axe
 z - a +1 broad axe (weapon)
 J - a +1 scimitar of flaming
Missiles
 m - 13 poisoned darts (quivered)
 x - 2 boomerangs
 A - a throwing net
 L - a curare-tipped dart
Armour
 c - a +1 buckler
 d - +0 acid dragon scales
 i - a +1 pair of boots of flying (worn)
 l - the +3 cloak of the Garden (worn) {+Inv Regen+ rCorr}
   (You acquired it on level 6 of the Dungeon)

   +Inv:      It lets you turn invisible.
   Regen+:    It increases your rate of health regeneration.
   rCorr:     It protects you from acid and corrosion.
 w - a +0 plate armour
 C - a +0 kite shield (worn)
 M - a +4 chain mail (worn)
 N - the +1 chain mail of Gacoeg {rElec}
   (You took it off an orc knight on level 11 of the Dungeon)

   rElec:     It insulates you from electricity.
Jewellery
 f - a +5 ring of evasion (left hand)
 r - a ring of willpower
 v - a +6 ring of dexterity
 G - a ring of magical power
 K - the ring "Laeducw" (right hand) {Will+ EV+5 Slay+2}
   (You took it off a death knight on level 11 of the Dungeon)

   [ring of evasion]

   EV+5:      It affects your evasion (+5).
   Slay+2:    It affects your accuracy & damage with ranged weapons and melee
   (+2).
   Will+:     It increases your willpower.
Wands
 h - a wand of flame (8)
 p - a wand of quicksilver (12)
 q - a wand of roots (4)
 B - a wand of digging (11)
 F - a wand of charming (6)
Scrolls
 b - a scroll of revelation
 t - 2 scrolls of amnesia
 u - a scroll of teleportation
 y - a scroll of immolation
 D - 2 scrolls of blinking
Potions
 g - 2 potions of brilliance
 k - a potion of curing
 o - 2 potions of enlightenment
 s - 2 potions of invisibility
 E - a potion of haste
 H - a potion of attraction {unknown}


   Skills:
 + Level 12.3 Fighting
 * Level 20.8 Axes
 - Level 10.0 Armour
 + Level 9.4 Shields
 - Level 5.0 Invocations


You had 12 spell levels left.
You didn't know any spells.
Your spell library contained the following spells:

 Spells                   Type           Power      Damage    Failure   Level
 Magic Dart               Conj           0%         1d3       99%         1
 Sting                    Tmut/Pois      0%         1d3       99%         1
 Call Imp                 Summ           0%         N/A       100%        2
 Cigotuvi's Dreadful Rot  Necr/Pois/Air  0%         N/A       100%        2
 Poisonous Vapours        Pois/Air       0%         N/A       100%        2
 Ignite Poison            Fire/Tmut/Pois 0%         N/A       100%        3
 Inner Flame              Hex/Fire       0%         N/A       100%        3
 Mephitic Cloud           Conj/Pois/Air  0%         N/A       100%        3
 Ozocubu's Armour         Ice            0%         N/A       100%        3
 Tukima's Dance           Hex            0%         N/A       100%        3
 Animate Dead             Necr           0%         N/A       100%        4
 Flame Wave               Conj/Fire      0%         2d4       100%        4
 Olgreb's Toxic Radiance  Pois           0%         N/A       100%        4
 Passage of Golubria      Tloc           0%         N/A       100%        4
 Sticky Flame             Conj/Fire      0%         2d3       100%        4
 Borgnjor's Vile Clutch   Necr/Erth      0%         N/A       100%        5
 Freezing Cloud           Conj/Ice/Air   0%         6-21      100%        5
 Summon Forest            Summ/Tloc      0%         N/A       100%        5
 Summon Mana Viper        Hex/Summ       0%         N/A       100%        5
 Yara's Violent Unravell  Hex/Tmut       0%         3d3       100%        5
 Death Channel            Necr           0%         N/A       100%        6
 Summon Cactus Giant      Summ           0%         N/A       100%        6
 Ozocubu's Refrigeration  Ice            0%         4d7       100%        7


Dungeon Overview and Level Annotations

Branches:
Dungeon (11/15)            Temple (1/1) D:7            Lair (0/5) D:9
    Orc (0/2) D:9          Bailey (visited)

Altars:
Ashenzari
Cheibriados
Dithmenos
Elyvilon
Fedhas
Gozag
Hepliaklqana
Kikubaaqudgha
Makhleb
Nemelex Xobeh
Okawaru
Qazlal
Ru
Sif Muna
Trog
Uskayaw
Vehumet
Wu Jian
Xom
Yredelemnul
Zin
The Shining One

Shops:
D:1 !   D:2 (**[   D:6 ?   D:8 !   D:9 [

Annotations:
D:11 1 transporter, exclusion: oklob plant, pokeman's ghost, journeyman DEHW


Innate Abilities, Weirdness & Mutations

You have a pair of horns on your head.
You reflexively headbutt those who attack you in melee.
You are dopey. (Int -2)
[Your body sometimes deteriorates upon taking damage.]
[You are very frail. (-20% HP)]
[Your magical capacity is very low. (-20% MP)]
[You are vulnerable to cold. (rC-)]


Message History

The reaper is heavily wounded.
The reaper hits you with a +2 antimagic scythe!!
* * * LOW HITPOINT WARNING * * *
You feel yourself speed up.
The reaper hits you with a +2 antimagic scythe!
Elyvilon protects you from harm! The reaper attacks as it pursues you!
The reaper hits you but does no damage. The reaper attacks as it pursues you!
The reaper barely misses you.
Okay, then.
A tentacled starspawn comes into view.
An ice beast comes into view.
Tentacles burst from the starspawn's body! 2 starspawn tentacles come into view.
As you read the scroll of teleportation, it crumbles to dust.
You feel strangely unstable.
You feel the power of the Abyss delaying your translocation!
You hit the reaper. Your headbutt misses the reaper.
The reaper is heavily wounded.
The reaper hits you with a +2 antimagic scythe!!
* * * LOW HITPOINT WARNING * * *
You feel your power leaking away.
You hit the reaper but do no damage.
The reaper is heavily wounded.
You hit the reaper but do no damage. Your headbutt misses the reaper.
The reaper is heavily wounded.
The reaper misses you. You furiously retaliate!
You headbutt the reaper! You hit the reaper but do no damage.
The reaper is severely wounded.
You slash the reaper! Your headbutt misses the reaper.
The reaper is severely wounded.
The reaper hits you with a +2 antimagic scythe.
* * * LOW HITPOINT WARNING * * *
You feel your power leaking away.
You completely miss the reaper.
The reaper is severely wounded.
You hit the reaper but do no damage.
You headbutt the reaper, but do no damage.
The reaper is severely wounded.
The reaper hits you with a +2 antimagic scythe!!
You die...

. # #.. # # . #.
#.# . . . # # #. .
. ### .#.# ..
##.## #. .. #.
##§..## # #. #
#..#2.#
..#.#.#.###.#.#@##
. .... ##...###.#
.. . #.#.# ##..#
## # #.2 .#..## .#
.. #│.# ..
###.X#.#.. ..
#w..#..#.##
#..#### .. #. ###
##Y.


You could see a reaper.

Vanquished Creatures
  A tentacled starspawn (D:11)
  An entropy weaver (shapeshifter) (D:9)
  2 centaur warriors (D:11)
  A boulder beetle (D:11)
  2 death knights (D:11)
  4 two-headed ogres
  A thrashing horror (Abyss:2)
  2 wretched stars (Abyss:2)
  A sixfirhy (Abyss:2)
  A skeletal warrior (D:11)
  3 orc knights
  A deep elf pyromancer (D:11)
  4 spectral boulder beetles (D:10)
  A guardian serpent (Abyss:2)
  4 large abominations (Abyss:2)
  2 cyclopes (D:11)
  2 centaur zombies (D:10)
  2 centaur skeletons (D:10)
  An orange demon (Abyss:2)
  4 smoke demons (Abyss:2)
  2 gargoyles (D:11)
  Psyche (D:8)
  An efreet (D:11)
  An unseen horror (D:11)
  A hellion (Abyss:2)
  2 kobold demonologists
  A komodo dragon (D:10)
  A yaktaur (D:11)
  4 trolls (D:11)
  A hornet (D:7)
  4 shadows
  11 flying skulls
  2 centaur simulacra (D:10)
  4 wyverns
  A vampire (D:10)
  3 basilisks
  7 wraiths
  2 ynoxinuls (Abyss:2)
  A chaos spawn (Abyss:2)
  5 yaks (D:7)
  Menkaure (D:4)
  2 steam dragons
  8 wargs
  3 neqoxecs (Abyss:2)
  4 vampire mosquitoes
  3 acid dragons
  3 water moccasins
  4 hell hounds
  2 sky beasts (D:6)
  9 orc warriors
  A black bear (D:5)
  A boulder beetle simulacrum (D:10)
  4 centaurs
  3 ogres
  3 kobold brigands
  8 small abominations (Abyss:2)
  4 bullfrogs
  A gnoll sergeant (D:11)
  7 scorpions
  6 wights
  7 killer bees
  5 jellies
  An electric eel (D:9)
  2 howler monkeys
  4 hounds
  2 gnoll boudas
  6 orc priests
  An iron imp (Abyss:2)
  2 starcursed masses (Abyss:2)
  5 iguanas
  10 orc wizards
  A hell rat (D:10)
  A howler monkey zombie (D:10)
  27 gnolls
  2 howler monkey skeletons (D:10)
  4 adders
  2 shadow imps
  6 white imps
  An ufetubus (D:6)
  A worm (D:3)
  48 orcs
  5 endoplasms
  4 giant cockroaches
  9 goblins
  7 hobgoblins
  11 jackals
  17 kobolds
  2 quokkas (D:1)
  4 ball pythons
  4 bats
  2 frilled lizards
  5 rats
380 creatures vanquished.

Vanquished Creatures (others)
  An orc wizard (D:6)
  8 starspawn tentacles
9 creatures vanquished.

Grand Total: 389 creatures vanquished

Notes
Turn   | Place    | Note
-------+----------+-------------------------------------------
     0 | D:1      | snarfax the Minotaur Fighter began the quest for the Orb.
     0 | D:1      | Reached XP level 1. HP: 19/19 MP: 0/0
   270 | D:1      | Found Vecsesor's Distillery.
   277 | D:1      | Reached skill level 3 in Axes
   286 | D:1      | Reached XP level 2. HP: 12/26 MP: 1/1
   740 | D:1      | Bought a potion of heal wounds for 70 gold pieces
   764 | D:2      | Noticed a +0 giant club
   764 | D:2      | Noticed a +0 great mace
   764 | D:2      | Found Dumaopn's Weapon Boutique.
   792 | D:2      | Found Reti's Assorted Antiques.
   801 | D:2      | Reached XP level 3. HP: 31/31 MP: 2/2
   807 | D:2      | Found Giegyv's General Store.
   835 | D:2      | Found Essug's Antique Armour Emporium.
   888 | D:2      | Found Jiub Logi's Antique Weapon Emporium.
  1178 | D:3      | Reached skill level 4 in Axes
  1478 | D:3      | Reached XP level 4. HP: 39/39 MP: 3/3
  1927 | D:4      | Reached skill level 5 in Axes
  2128 | D:4      | Reached skill level 5 in Shields
  2128 | D:4      | Reached XP level 5. HP: 39/45 MP: 4/4
  2244 | D:4      | Reached skill level 6 in Axes
  2375 | D:4      | Reached XP level 6. HP: 42/51 MP: 5/5
  2377 | D:4      | Reached skill level 7 in Axes
  2524 | D:4      | Noticed Menkaure
  2529 | D:4      | Killed Menkaure
  2725 | D:5      | Entered Level 5 of the Dungeon
  2766 | D:5      | Reached skill level 8 in Axes
  2809 | D:5      | Reached XP level 7. HP: 53/57 MP: 6/6
  2883 | D:5      | Reached skill level 9 in Axes
  3287 | D:5      | Reached skill level 10 in Axes
  3409 | D:5      | Reached XP level 8. HP: 64/64 MP: 7/7
  3423 | D:5      | Reached skill level 11 in Axes
  3977 | D:6      | Found Falokypu's Magic Scroll Shoppe.
  4076 | D:2      | Bought a broad axe for 84 gold pieces
  4154 | D:6      | Reached skill level 12 in Axes
  4489 | D:6      | Reached skill level 13 in Axes
  4781 | D:6      | Bought a scroll of blinking for 82 gold pieces
  4781 | D:6      | Bought a scroll of teleportation for 33 gold pieces
  4982 | D:6      | Found a white marble altar of Elyvilon.
  5009 | D:6      | Reached XP level 9. HP: 43/69 MP: 8/8
  5318 | D:6      | Reached skill level 14 in Axes
  5609 | D:6      | Identified a scroll of acquirement
  5609 | D:6      | Acquired the +3 cloak of the Garden {+Inv Regen+ rCorr}
  5701 | D:7      | Paralysed by a hornet for 3 turns
  5737 | D:7      | Found a staircase to the Ecumenical Temple.
  5745 | Temple   | Entered the Ecumenical Temple
  5830 | Temple   | Became a worshipper of Zin the Law-Giver
  5956 | D:7      | Reached * piety under Zin
  6131 | D:7      | Donated 42 gold pieces to Zin
  6292 | D:7      | Reached skill level 5 in Fighting
  6292 | D:7      | Reached skill level 5 in Armour
  6298 | D:7      | Reached skill level 15 in Axes
  6373 | D:8      | Reached XP level 10. HP: 64/83 MP: 9/9
  6413 | D:8      | Found Veefout's Distillery.
  6497 | D:8      | Noticed Psyche
  6514 | D:8      | Killed Psyche
  6815 | D:9      | Found Caeg's Antique Armour Emporium.
  6857 | D:9      | Found a staircase to the Lair.
  6927 | D:9      | Reached ** piety under Zin
  6981 | D:9      | Found a flagged portal.
  6998 | Bailey   | Entered a bailey
  7096 | Bailey   | Noticed an orc knight
  7096 | Bailey   | Noticed an orc knight
  7119 | Bailey   | Reached skill level 16 in Axes
  7123 | Bailey   | Killed an orc knight
  7124 | Bailey   | Reached skill level 1 in Invocations
  7223 | Bailey   | Killed an orc knight
  7303 | Bailey   | Identified the +4 ice dragon scales of a Gauntlet {rF- rC++
                  | rCorr Str-2 Int+6}
  7326 | Bailey   | Reached *** piety under Zin
  7431 | D:9      | Found a staircase to the Orcish Mines.
  7660 | D:9      | Noticed an entropy weaver (shapeshifter)
  7668 | D:9      | Killed an entropy weaver
  7889 | D:8      | Reached XP level 11. HP: 94/94 MP: 12/12
  7940 | D:6      | Fell from the grace of Zin
  7940 | D:6      | Became a worshipper of Elyvilon the Healer
  7940 | D:6      | Reached * piety under Elyvilon
  8034 | D:10     | Entered Level 10 of the Dungeon
  8079 | D:10     | Found a bloodstained altar of Trog.
  8092 | D:10     | Reached skill level 17 in Axes
  8169 | D:10     | Noticed a two-headed ogre
  8181 | D:10     | Killed a two-headed ogre
  8251 | D:10     | Reached ** piety under Elyvilon
  8475 | D:10     | Found a stormy altar of Qazlal.
  8566 | D:10     | Reached skill level 5 in Invocations
  8616 | D:10     | Reached skill level 18 in Axes
  8729 | D:10     | Found an ancient bone altar of Kikubaaqudgha.
  8733 | D:10     | Reached XP level 12. HP: 105/105 MP: 14/14
  8808 | D:10     | Upgraded the game from 0.31-a0-728-g01b46875f1 to
                  | 0.31-a0-740-g87205ac768
  8936 | D:10     | Identified the +1 robe of the Bull {rN+ MP+9 Dex+2}
  9021 | D:10     | Found an iron altar of Okawaru.
  9022 | D:10     | Found a blossoming altar of Fedhas.
  9022 | D:10     | Found a hide-covered altar of Uskayaw.
  9022 | D:10     | Found a radiant altar of Vehumet.
  9022 | D:10     | Found a basalt altar of Yredelemnul.
  9025 | D:10     | Found a broken altar of Ashenzari.
  9027 | D:10     | Found an ancient bone altar of Kikubaaqudgha.
  9344 | D:11     | Noticed a two-headed ogre
  9364 | D:11     | Killed a two-headed ogre
  9365 | D:11     | Reached skill level 10 in Fighting
  9365 | D:11     | Reached skill level 10 in Armour
  9405 | D:11     | Found a transporter.
  9431 | D:11     | Noticed pokeman's ghost (journeyman DEHW)
  9431 | D:11     | Noticed a boulder beetle
  9439 | D:11     | Noticed a centaur warrior
  9439 | D:11     | Noticed a five-headed hydra
  9479 | D:11     | Noticed a centaur warrior
  9485 | D:11     | Noticed a two-headed ogre
  9490 | D:11     | Killed a centaur warrior
  9495 | D:11     | Identified the +4 short sword of Innocence {heavy, *Corrode
                  | rPois Str-5 Dex+8}
  9552 | D:10     | Reached skill level 19 in Axes
  9555 | D:10     | Killed a two-headed ogre
  9655 | D:11     | Noticed a boulder beetle
  9667 | D:11     | Killed a boulder beetle
  9671 | D:11     | Noticed a death knight
  9688 | D:11     | Killed a death knight
  9734 | D:11     | Noticed a two-headed ogre
  9759 | D:11     | Killed a two-headed ogre
  9772 | D:11     | Identified the ring "Laeducw" {Will+ EV+5 Slay+2}
  9772 | D:11     | Noticed a death knight
  9902 | D:11     | Killed a death knight
 10074 | D:11     | Noticed a centaur warrior
 10090 | D:11     | Killed a centaur warrior
 10091 | D:11     | Reached XP level 13. HP: 115/116 MP: 15/15
 10124 | D:11     | Identified the +1 chain mail of Gacoeg {rElec}
 10211 | Abyss:2  | Found a corrupted altar of Lugonu.
 10211 | Abyss:2  | Reached *** piety under Elyvilon
 10211 | Abyss:2  | Cast into level 2 of the Abyss (a wizard)
 10240 | Abyss:2  | Found a corrupted altar of Lugonu.
 10250 | Abyss:2  | Noticed a tentacled starspawn
 10259 | D:11     | Escaped the Abyss
 10264 | D:11     | Reached skill level 20 in Axes
 10265 | D:11     | Killed a tentacled starspawn
 10284 | Abyss:2  | Cast into level 2 of the Abyss (a wizard)
 10301 | Abyss:2  | Found a corrupted altar of Lugonu.
 10304 | Abyss:2  | Noticed a starcursed mass
 10480 | Abyss:2  | Gained mutation: You are dopey. (Int -2) [a neqoxec]
 10571 | Abyss:2  | Lost intelligence.
 10746 | Abyss:2  | Noticed a reaper
 10761 | Abyss:2  | Elyvilon protects you from harm!
 10770 | Abyss:2  | Noticed a tentacled starspawn
 10795 | Abyss:2  | Demolished by a reaper

Illustrated notes

Levels and vault maps discovered:
D:1:      reono_arrival_forest_river, layout_loops_ring, serial_shops,
          nicolae_diamond_shop
D:2:      layout_basic, serial_shops, shop, nicolae_shop_mannequins, shop,
          nicolae_shop_statue_plus, shop
D:3:      layout_basic
D:4:      layout_loops_ring, corexii_checkpoint_b, uniq_menkaure
D:5:      layout_gridville
D:6:      layout_basic, elyvilon_altar_5, serial_curves, eino_curves_02,
          eino_curves_02, serial_shops, shop, dk_noncrumbling_3, minmay_bent
D:7:      layout_gridville, minmay_temple_entry_crystal_x, hangedman_glass_teeth
D:8:      layout_rooms, serial_shops, nicolae_shop_window_shopping,
          dk_noncrumbling_2, uniq_psyche
D:9:      layout_big_octagon, erik_lair_orcish_takeover, enter_bailey_4,
          serial_shops, shop, hive_lemuel
D:10:     lemuel_vampire_tower, layout_basic, nicolae_qazlal_style_of_elements,
          minitemple, small_statue_alley_a
D:11:     minmay_the_grid_square_5x5_5x5_mashed [minmay_the_grid_square_5x5_z,
          minmay_the_grid_square_5x5_tie,
          minmay_the_grid_square_5x5_eight_small, minmay_the_grid_square_5x5_v,
          minmay_the_grid_square_5x5_broken_cross,
          minmay_the_grid_square_5x5_mess,
          minmay_the_grid_square_5x5_prize_monsterx,
          minmay_the_grid_square_5x5_two_walls_a,
          minmay_the_grid_square_5x5_prize_itemx,
          minmay_the_grid_square_5x5_six, minmay_the_grid_square_5x5_two,
          minmay_the_grid_square_5x5_inner_v,
          minmay_the_grid_square_5x5_prize_gold,
          minmay_the_grid_square_5x5_minivault,
          minmay_the_grid_square_5x5_minimal, minmay_the_grid_square_5x5_spiral,
          minmay_the_grid_square_5x5_prize_pseudospiral,
          minmay_the_grid_square_5x5_shrine1,
          minmay_the_grid_square_5x5_prize_junk,
          minmay_the_grid_square_5x5_dogpile, minmay_the_grid_square_5x5_n,
          minmay_the_grid_square_5x5_c,
          minmay_the_grid_square_5x5_checkered_statues,
          minmay_the_grid_square_5x5_meh, minmay_the_grid_square_5x5_slash],
          layout_loops_corners, nzn_ghost_randoct, disabler_island
Temple:   nicolae_temple_bog_church
Abyss:2:  base: D:6, evilmike_abyss_exit_11, base: D:1,
          hangedman_decor_peaks_small

Skill      XL: |  1  2  3  4  5  6  7  8  9 10 11 12 13 |
---------------+----------------------------------------+-----
Axes           | 3 4 5 6 8 10 13 15 16 18 19 20 | 20.8
Shields        | 4 5 8 9 |  9.4
Armour         | 5 7 9 10 | 10.0
Fighting       | 5 7 9 11 12 | 12.3
Invocations    | 2 5 |  5.0

Action                     |  1- 3 |  4- 6 |  7- 9 | 10-12 | 13-15 || total
---------------------------+-------+-------+-------+-------+-------++-------
  Melee: War axe           |    85 |    70 |    94 |       |       ||   249
         Headbutt          |    13 |    10 |    49 |   151 |    50 ||   273
         Broad axe         |       |       |   180 |   665 |   189 ||  1034
  Throw: Dart              |       |       |     4 |    21 |     3 ||    28
         Throwing net      |       |       |       |     2 |       ||     2
 Invoke: Donate Gold       |       |       |     1 |       |       ||     1
         Vitalisation      |       |       |       |     1 |       ||     1
         Purification      |       |       |       |       |     3 ||     3
         Heal Self         |       |       |       |       |     3 ||     3
    Use: Scroll            |     1 |     7 |     6 |     4 |     3 ||    21
         Potion            |       |     1 |       |     6 |     3 ||    10
   Stab: Held in net/web   |       |       |       |     2 |       ||     2
 Armour: Scale mail        |    32 |       |       |       |       ||    32
         Chain mail        |    21 |    46 |    27 |       |   146 ||   240
         Plate armour      |       |       |   134 |   473 |       ||   607
  Dodge: Dodged            |    40 |    42 |   102 |   267 |    90 ||   541
  Block: Buckler           |    17 |    23 |    62 |   135 |       ||   237
         Kite shield       |       |       |       |   113 |    65 ||   178

Table legend: (Time is in decaauts)
 A = Elapsed time spent in this place.
 B = Non-inter-level travel time spent in this place.
 C = Inter-level travel time spent in this place.
 D = Time resting spent in this place.
 E = Time spent auto-exploring this place.
 F = Levels seen in this place.
 G = Mean time per level.
                   A        B        C        D        E       F      G
               +--------+--------+--------+--------+--------+-----+--------+
         Total |  10690 |  10121 |    569 |    641 |   6567 |  15 |  712.7 |
       Dungeon |   9650 |   9081 |    569 |    493 |   6353 |  11 |  877.3 |
        Temple |    110 |    110 |      0 |      0 |      0 |   1 |  110.0 |
         Abyss |    527 |    527 |      0 |    100 |     97 |   2 |  263.5 |
        Bailey |    401 |    401 |      0 |     48 |    117 |   1 |  401.0 |
               +--------+--------+--------+--------+--------+-----+--------+

Top non-repeatable levels by time:
     D:6: 1625 daAuts
    D:10: 1303 daAuts
     D:5: 1262 daAuts
     D:4: 911 daAuts
     D:1: 787 daAuts
    D:11: 774 daAuts
     D:3: 736 daAuts
     D:9: 677 daAuts
     D:7: 605 daAuts
 Abyss:2: 527 daAuts
     D:8: 505 daAuts
     D:2: 461 daAuts
  Bailey: 401 daAuts
  Temple: 110 daAuts
